 Dungeon Crawl Stone Soup version 0.23.0 (webtiles) character file.

Game seed: 14346839163361022303

4251 Gargoyl the Chopper (level 10, -1/82 HPs)
             Began as a Centaur Abyssal Knight on Feb 9, 2019.
             Was an Elder of Lugonu.
             Slain by a crocodile (4 damage)
             ... on level 8 of the Dungeon.
             The game lasted 00:11:07 (9106 turns).

Gargoyl the Chopper (Centaur Abyssal Knight)        Turns: 9106, Time: 00:11:08

Health: -1/82      AC: 12    Str: 17    XL:     10   Next: 10%
Magic:  14/14      EV:  4    Int: 11    God:    Lugonu [****..]
Gold:   463        SH:  5    Dex: 10    Spells: 9/9 levels left

rFire    . . .     SeeInvis .   a - +5 hand axe
rCold    . . .     Gourm    .   (no shield)
rNeg     + . .     Faith    .   h - +2 plate armour (curse)
rPois    +         Spirit   .   (no helmet)
rElec    .         Reflect  +   j - scarf {repulsion}
rCorr    .         Harm     .   (no gloves)
MR       .....                  (no barding)
Stlth    ..........             u - +5 amulet of reflection
HPRegen  0.23/turn              f - ring of poison resistance
MPRegen  0.14/turn              v - ring of positive energy

@: repel missiles, very quick
A: large, hooves 3, deformed body, speed 2, tough skin 3
a: Depart the Abyss, Bend Space, Banish, Corrupt, Renounce Religion


You were on level 8 of the Dungeon.
You worshipped Lugonu.
Lugonu was greatly pleased with you.
You were not hungry.

You visited 1 branch of the dungeon, and saw 8 of its levels.
You visited the Abyss 1 time.

You collected 499 gold pieces.
You spent 36 gold pieces at shops.

Inventory:

Hand Weapons
 a - a +5 hand axe (weapon)
Missiles
 t - 7 tomahawks (quivered)
Armour
 h - a cursed +2 plate armour (worn)
 j - a scarf of repulsion (worn)
Jewellery
 f - a ring of poison resistance (left hand)
 u - a +5 amulet of reflection (around neck)
 v - a ring of positive energy (right hand)
Wands
 e - a wand of enslavement (8)
 g - a wand of polymorph (1)
 i - a wand of random effects (10)
Scrolls
 b - 3 scrolls of identify
 k - 5 scrolls of teleportation
 p - 2 scrolls of blinking
 q - 3 scrolls of remove curse
Potions
 l - 2 potions of haste
 m - a potion of berserk rage {unknown}
 n - 5 potions of curing
 o - a potion of lignification
 r - a potion of cancellation
 s - a potion of brilliance
Comestibles
 c - 16 rations
 w - 4 chunks of flesh


   Skills:
 + Level 5.6 Fighting
 + Level 7.0 Axes
 + Level 1.4 Throwing
 * Level 6.5 Armour
 * Level 4.5 Dodging
 * Level 6.2 Invocations


You had 9 spell levels left.
You didn't know any spells.
Your spell library was empty.

Dungeon Overview and Level Annotations

Branches:
Dungeon (8/15)             Temple (0/1) D:6            Lair (0/6) D:8

Altars:
Cheibriados
Elyvilon
Gozag
Okawaru
Uskayaw
Vehumet
Wu Jian
Xom

Shops:
D:5 !

Annotations:
Abyss:1 Gastronok


Innate Abilities, Weirdness & Mutations

You have hooves in place of feet.
Armour fits poorly on your strangely shaped body.
You cover ground very quickly.
You have extremely tough skin. (AC +3)


Message History

You hit the crocodile but do no damage.
The crocodile is heavily wounded.
The crocodile bites you!
* * * LOW HITPOINT WARNING * * *
You closely miss the crocodile.
You kick the crocodile, but do no damage.
The crocodile is heavily wounded.
You block the crocodile's attack.
You hit the crocodile.
You kick the crocodile, but do no damage.
The crocodile is heavily wounded.
You block the crocodile's attack.
Your plate armour prevents you from hitting the crocodile.
Your kick misses the crocodile.
The crocodile is heavily wounded.
The crocodile completely misses you.
You closely miss the crocodile. You kick the crocodile.
The crocodile is severely wounded.
The crocodile bites you.
You die...

....PP...P.PP..P.#..#..##
........P.PPP........#....
........P.P...P...........
......P..PP...†...........
.........).P..............
..........................
.......##.#...(........>..
.......##.##..............
###.....@t........>......
#..###..................
#. #.................. .
#...............###
.......<...#...#....##
......#....##.....#..#
.....####....#...#.....
....# ###......##.#.. .###
##.#......#..


You could see a crocodile.

Vanquished Creatures
  Grinder (D:3)
  2 yaks (D:8)
  Edmund (D:5)
  A porcupine (D:8)
  3 black bears
  An orc warrior (D:7)
  2 ice beasts
  3 ogres
  3 centaurs
  Blork the orc (D:5)
  3 bullfrogs
  4 scorpions
  4 howler monkeys
  A crimson imp (D:5)
  3 jellies (D:3)
  5 orc wizards
  Crazy Yiuf (D:2)
  A centaur skeleton (D:5)
  2 hounds
  An orc priest (D:4)
  2 gnoll shamans (D:4)
  Jessica (D:2)
  Ijyb (D:2)
  6 worker ants
  A worker ant zombie (D:7)
  6 gnolls (D:4)
  8 adders
  A shadow imp (D:5)
  10 oozes (D:3)
  A worm (D:2)
  An adder skeleton (D:4)
  An adder zombie (D:5)
  5 dart slugs
  3 leopard geckos
  25 orcs
  9 bats
  4 giant cockroaches
  11 goblins
  12 hobgoblins
  12 jackals
  3 quokkas
  2 ball pythons
  3 frilled lizards
  18 kobolds
  A quokka zombie (D:5)
  7 rats
197 creatures vanquished.

Vanquished Creatures (others)
  13 fungi
  3 toadstools (D:3)
16 creatures vanquished.

Grand Total: 213 creatures vanquished

Notes
Turn   | Place    | Note
-------+----------+-------------------------------------------
     0 | Abyss:1  | Gargoyl the Centaur Abyssal Knight began the quest for the
                  | Orb.
     0 | Abyss:1  | Reached XP level 1. HP: 19/19 MP: 2/2
    26 | Abyss:1  | Found a corrupted altar of Lugonu.
    49 | Abyss:1  | Found a corrupted altar of Lugonu.
    64 | Abyss:1  | Noticed a large abomination
    77 | Abyss:2  | Found a shimmering altar of Xom.
    77 | Abyss:2  | Found a shimmering altar of Xom.
    77 | Abyss:2  | Found a shimmering altar of Xom.
    77 | Abyss:2  | Found a shimmering altar of Xom.
    80 | Abyss:2  | Found a shimmering altar of Xom.
    89 | Abyss:2  | Noticed a raiju
    90 | Abyss:2  | Noticed a starcursed mass
    90 | D:1      | Escaped the Abyss
   229 | D:1      | Reached XP level 2. HP: 22/26 MP: 3/3
   243 | D:1      | Reached * piety under Lugonu
   318 | D:1      | Reached skill level 2 in Axes
   432 | D:1      | Reached XP level 3. HP: 22/31 MP: 4/4
   601 | D:1      | Reached skill level 1 in Dodging
  1050 | D:2      | Noticed Ijyb
  1070 | D:2      | Killed Ijyb
  1070 | D:2      | Reached XP level 4. HP: 24/40 MP: 5/5
  1081 | D:2      | Noticed Jessica
  1090 | D:2      | Killed Jessica
  1467 | D:2      | Reached ** piety under Lugonu
  1591 | D:2      | You fall through a shaft!
  1593 | D:3      | Found a faded altar of an unknown god.
  1749 | D:3      | Reached XP level 5. HP: 46/46 MP: 7/7
  2246 | D:2      | Found a runed translucent door.
  2247 | D:2      | Noticed Crazy Yiuf
  2303 | D:2      | Killed Crazy Yiuf
  2500 | D:3      | Noticed Grinder
  2524 | D:3      | Killed Grinder
  2524 | D:3      | Reached skill level 3 in Axes
  2524 | D:3      | Reached XP level 6. HP: 11/52 MP: 8/8
  3124 | D:3      | Reached XP level 7. HP: 24/59 MP: 9/9
  3735 | D:4      | Reached skill level 4 in Axes
  3809 | D:4      | Reached *** piety under Lugonu
  4909 | D:4      | Found a snail-covered altar of Cheibriados.
  5182 | D:5      | Entered Level 5 of the Dungeon
  5194 | D:5      | Reached XP level 8. HP: 65/67 MP: 11/11
  5237 | D:5      | Found Sobre's Distillery.
  5243 | D:5      | Bought a potion of curing for 36 gold pieces
  5605 | D:5      | Noticed Blork the orc
  5616 | D:5      | Killed Blork the orc
  5928 | D:5      | Reached skill level 5 in Axes
  6219 | D:5      | Reached skill level 1 in Throwing
  6250 | D:5      | Reached **** piety under Lugonu
  6265 | D:5      | Reached skill level 5 in Armour
  6370 | D:5      | Noticed Edmund
  6386 | D:5      | Killed Edmund
  6941 | D:6      | Found a staircase to the Ecumenical Temple.
  7071 | D:6      | Reached skill level 5 in Invocations
  7524 | D:7      | Reached XP level 9. HP: 45/73 MP: 12/12
  7971 | D:7      | Reached skill level 5 in Fighting
  8560 | D:8      | Noticed Gastronok
  8571 | D:8      | Banished Gastronok
  8571 | D:8      | Reached skill level 6 in Axes
  8716 | D:8      | Found an ornate altar of the Wu Jian Council.
  8723 | D:8      | Found a hide-covered altar of Uskayaw.
  8728 | D:8      | Found a white marble altar of Elyvilon.
  8735 | D:8      | Found an iron altar of Okawaru.
  8740 | D:8      | Found an opulent altar of Gozag.
  8747 | D:8      | Found a shimmering altar of Xom.
  8752 | D:8      | Found a radiant altar of Vehumet.
  8817 | D:8      | Found a staircase to the Lair.
  8976 | D:8      | Reached XP level 10. HP: 66/81 MP: 14/14
  8987 | D:8      | Reached skill level 7 in Axes
  9102 | D:8      | HP: 2/82 [crocodile (14)]
  9106 | D:8      | Slain by a crocodile

Skill      XL: |  1  2  3  4  5  6  7  8  9 10 |
---------------+-------------------------------+-----
Axes           | 2 3 4 5 6 7 |  7.0
Dodging        | 1 2 3 4 |  4.5
Armour         | 2 3 4 5 6 |  6.5
Invocations    | 3 4 5 6 |  6.2
Fighting       | 4 5 |  5.6
Throwing       | 1 |  1.4

Action                   |  1- 3 |  4- 6 |  7- 9 | 10-12 || total
-------------------------+-------+-------+-------+-------++-------
Melee: Hand axe          |    84 |   162 |   368 |    26 ||   640
       Kick              |    12 |    37 |    83 |    10 ||   142
Throw: Tomahawk          |       |       |    14 |       ||    14
Invok: Depart the Abyss  |     1 |       |       |       ||     1
       Banish            |       |       |     1 |       ||     1
  Use: Scroll            |       |    11 |    11 |       ||    22
       Potion            |       |       |       |     1 ||     1
  Eat: Chunk             |       |     5 |    17 |       ||    22
Armor: Chain mail        |   109 |    29 |       |       ||   138
       Plate armour      |       |   105 |   259 |    29 ||   393
Dodge: Dodged            |    34 |    26 |    76 |    10 ||   146
       Deflected         |     3 |     2 |     4 |       ||     9
Block: Other             |       |       |     5 |     8 ||    13
